 Dungeon Crawl Stone Soup version 0.23-b1-49-g13d5857 (webtiles) character file.

Game seed: 12348158191743691110

22931 Kairos the Cleaver (level 13, -5/68 HPs)
             Began as a Vine Stalker Fighter on Feb 3, 2019.
             Was a High Priest of Okawaru.
             Slain by a molten gargoyle
             ... wielding a +0 flail
              (6 damage)
             ... in a Gauntlet.
             The game lasted 00:27:21 (10542 turns).

Kairos the Cleaver (Vine Stalker Fighter)          Turns: 10542, Time: 00:27:21

Health: -5/68      AC: 27    Str: 23    XL:     13   Next: 3%
Magic:  0/15       EV:  9    Int:  8    God:    Okawaru [*****.]
Gold:   785        SH:  0    Dex: 18    Spells: 12/12 levels left

rFire    x . .     SeeInvis +   a - +2 war axe
rCold    . . .     Gourm    .   c - +0 shield
rNeg     + . .     Faith    .   r - +5 ring mail {MR+}
rPois    +         Spirit   +   Q - +2 hat {MR+}
rElec    .         Reflect  .   w - +2 cloak {MR+}
rCorr    +         Harm     .   U - +0 pair of gloves of the Devil's Advocate {rPois rF- SInv}
MR       ++++.     NoTele   +   A - +1 pair of boots "Lones" {rCorr Dex+3}
Stlth    ++++......             n - amulet of regeneration
HPRegen  1.41/turn              b - +5 ring of protection
MPRegen  0.14/turn              B - ring of positive energy

@: heroism, petrifying, very slow
A: fangs 3, regeneration 2, magic shield, antimagic bite, no potion heal 3, rot
immunity
a: Heroism, Finesse, Renounce Religion


You were in a Gauntlet.
You worshipped Okawaru.
Okawaru was extremely pleased with you.
You were not hungry.

You visited 3 branches of the dungeon, and saw 15 of its levels.
You also visited: Gauntlet.

You collected 785 gold pieces.

Inventory:

Hand Weapons
 a - a +2 war axe (weapon)
 q - a +6 flail of holy wrath
 D - a +5 demon trident of draining
 K - a +2 morningstar of crushing
 M - a +2 hand axe of flaming
 N - the +8 whip "Snakebite" {curare, rPois}
   (You found it on level 2 of the Lair of Beasts)

   It poisons the flesh of those it strikes.
   It protects you from poison.
Armour
 c - a +0 shield (worn)
 r - a +5 ring mail of magic resistance (worn)
 w - a +2 cloak of magic resistance (worn)
 y - a scarf of cloud immunity
 A - the +1 pair of boots "Lones" (worn) {rCorr Dex+3}
   (You found it on level 6 of the Dungeon)

   It affects your dexterity (+3).
   It provides partial protection from all sources of acid and corrosion.
 Q - a +2 hat of magic resistance (worn)
 U - the +0 pair of gloves of the Devil's Advocate (worn) {rPois rF- SInv}
   (Okawaru gifted it to you on level 3 of the Lair of Beasts)

   It makes you vulnerable to fire.
   It protects you from poison.
   It lets you see invisible.
 X - a +0 hat of see invisible
Jewellery
 b - a +5 ring of protection (left hand)
 n - an amulet of regeneration (around neck)
 v - an uncursed amulet of harm
 B - a ring of positive energy (right hand)
Wands
 p - a wand of iceblast (4)
 x - a wand of polymorph (21)
 E - a wand of random effects (16)
 F - a wand of flame (18)
 J - a wand of disintegration (7)
 T - a wand of clouds (4)
 W - a wand of paralysis (9)
Scrolls
 g - 7 scrolls of remove curse
 h - 10 scrolls of teleportation
 i - 6 scrolls of identify
 j - a scroll of silence {unknown}
 l - 4 scrolls of amnesia
 s - 4 scrolls of magic mapping
 G - 4 scrolls of enchant weapon
 O - a scroll of noise {unknown}
 P - a scroll of brand weapon {unknown}
 R - a scroll of fog
 S - a scroll of immolation {unknown}
Potions
 d - 5 potions of might
 e - 2 potions of flight
 m - 7 potions of curing {unknown}
 o - 2 potions of agility
 t - a potion of lignification {unknown}
 u - a potion of haste
 z - a potion of heal wounds {unknown}
 C - a potion of cancellation {unknown}
 H - a potion of magic {unknown}
 I - a potion of ambrosia {unknown}
 L - a potion of brilliance {unknown}
 V - a potion of berserk rage {unknown}
Miscellaneous
 k - a phial of floods
 Y - a box of beasts
Comestibles
 f - 32 rations


   Skills:
 + Level 8.2(13.2) Fighting
 + Level 12.7(17.7) Axes
 + Level 0.9(13.3) Maces & Flails
 + Level 6.7(11.7) Armour
 + Level 5.2(10.2) Dodging
 + Level 4.7(9.7) Stealth
 + Level 8.8(13.8) Shields
 + Level 2.0 Invocations
 + Level 1.1 Evocations


You had 12 spell levels left.
You didn't know any spells.
Your spell library contained the following spells:

 Spells                   Type           Power        Failure   Level  Hunger
 Flame Tongue             Conj/Fire      #....        58%         1    ##.....
 Throw Flame              Conj/Fire      #.....       73%         2    ###....
 Conjure Flame            Conj/Fire      #.......     91%         3    ####...
 Inner Flame              Hex/Fire       #.......     91%         3    ####...
 Sticky Flame             Conj/Fire      #.......     100%        4    #####..
 Fireball                 Conj/Fire      #.........   100%        5    ######.


Dungeon Overview and Level Annotations

Branches:
Dungeon (10/15)            Temple (1/1) D:5            Lair (4/6) D:10
  Swamp (0/4) Lair:4       Spider (0/4) Lair:4          Orc (0/2) D:10

Altars:
Ashenzari
Dithmenos
Elyvilon
Fedhas
Kikubaaqudgha
Makhleb
Nemelex Xobeh
Okawaru
Qazlal
Ru
Trog
Vehumet
Wu Jian
Xom

Shops:
D:7 =

Portals:
Trove: D:10 (give 16 scrolls of teleportation)

Annotations:
Lair:2 exclusion: oklob plant Gauntlet 13 transporters


Innate Abilities, Weirdness & Mutations

You have razor-sharp teeth.
You heal very quickly.
When hurt, damage is shared between your health and your magic reserves.
Your bite disrupts and absorbs the magic of your enemies.
Potions cannot restore your health.
You are immune to rotting.


Message History

The catoblepas breathes a plume of calcifying dust at you.
The blast of calcifying dust hits you but does no damage.
The molten gargoyle completely misses you.
You continue taking off the +0 pair of gloves of the Devil's Advocate {rPois rF- SInv}.
You are engulfed in calcifying dust.
You are slowing down.
The catoblepas gores you but does no damage.
The molten gargoyle hits you with a +0 flail!
You are engulfed in flames!
The fire burns you terribly!
* * * LOW HITPOINT WARNING * * *
You continue taking off the +0 pair of gloves of the Devil's Advocate {rPois rF- SInv}.
You are engulfed in calcifying dust.
The catoblepas gores you!
* * * LOW HITPOINT WARNING * * *
The molten gargoyle blasts magma at you!
The lava burns you terribly! The bolt of magma hits you!
* * * LOW HITPOINT WARNING * * *
The molten gargoyle hits you with a +0 flail!
* * * LOW HITPOINT WARNING * * *
You are engulfed in flames!
The fire burns you terribly!
You die...

#8.............#.####
#####..............#.#...
#8.....#############.####
#......#©...........©....
#..######################
#..#...#.#.99#.#ww.......
#..#..#.99#.9#.#w#...#.#.
#..#.##9Y9##.#.#...###...
#..##..#@#..##.#.###...#.
#..#....§....#.#.#..©#.#.
#..##..#§#..##.#...###...
#..#.#######.#.#.#.#...#.
#..#..#...#..#.#w#...#.#.
#..#..[.©??..#.#ww.=©=?..
#..###########.##########
#........................
#8.......................


You could see a catoblepas, 2 molten gargoyles and 2 gargoyles.

Vanquished Creatures
  Gastronok (Lair:2)
  A hydra (Lair:2)
  2 two-headed ogres (D:9)
  A death scarab (Gauntlet)
  Urug (Lair:1)
  Sonja (Lair:2)
  Nergalle (Lair:3)
  A spectral hydra (Gauntlet)
  A necromancer (Gauntlet)
  2 cyclopes
  A black mamba (Lair:2)
  A manticore (D:6)
  A gargoyle (D:10)
  A rime drake (Lair:2)
  4 spiny frogs
  3 komodo dragons
  Grinder (D:6)
  5 hippogriffs
  A wraith (D:10)
  20 yaks
  A wyvern (Lair:3)
  A hungry ghost (D:8)
  4 basilisks
  4 chaos spawn (D:9)
  9 water moccasins
  A sky beast (D:5)
  7 porcupines
  An eye of draining (D:9)
  3 ice beasts
  2 orc warriors
  3 ogres
  3 phantoms
  9 wolves
  2 centaurs
  6 crocodiles
  2 big kobolds
  7 bullfrogs
  A wyvern zombie (D:8)
  4 scorpions
  A water moccasin skeleton (D:6)
  10 killer bees (D:10)
  A howler monkey (D:8)
  4 crimson imps
  9 orc priests
  6 hounds
  A jelly (D:5)
  Crazy Yiuf (D:2)
  A centaur skeleton (D:6)
  14 orc wizards
  Terence (D:2)
  3 iguanas
  3 worker ants
  2 killer bee zombies
  A hound skeleton (D:8)
  A worker ant zombie (D:8)
  10 adders
  5 shadow imps
  3 oozes
  An adder zombie (D:9)
  4 worms
  2 dart slugs
  4 leopard geckos
  32 orcs
  5 bats
  5 giant cockroaches
  6 goblins
  5 hobgoblins
  11 jackals
  11 kobolds
  5 quokkas
  A ball python (D:3)
  3 frilled lizards
  A jackal skeleton (D:5)
  A jackal zombie (D:8)
  A quokka skeleton (D:7)
  7 rats
  A plant (D:10)
  2 withered plants (Gauntlet)
305 creatures vanquished.

Vanquished Creatures (others)
  5 fungi
  A plant (Lair:1)
  8 withered plants (Gauntlet)
14 creatures vanquished.

Grand Total: 319 creatures vanquished

Notes
Turn   | Place    | Note
-------+----------+-------------------------------------------
     0 | D:1      | Kairos the Vine Stalker Fighter began the quest for the
                  | Orb.
     0 | D:1      | Reached XP level 1. HP: 11/11 MP: 2/2
   216 | D:1      | Reached XP level 2. HP: 15/16 MP: 3/3
   292 | D:1      | Reached skill level 2 in Axes
   536 | D:2      | Noticed an ogre
   575 | D:2      | Reached XP level 3. HP: 15/20 MP: 2/4
   754 | D:2      | Gained mutation: Your natural rate of healing is unusually
                  | fast. [Vine Stalker growth]
   754 | D:2      | Reached XP level 4. HP: 17/24 MP: 3/5
   780 | D:2      | Noticed Terence
   785 | D:2      | Killed Terence
  1005 | D:2      | HP: 1/24 [ogre/+0 giant club (6)]
  1007 | D:2      | Killed an ogre
  1007 | D:2      | Reached skill level 3 in Axes
  1007 | D:2      | Reached XP level 5. HP: 3/28 MP: 6/6
  1337 | D:2      | Found a runed translucent door.
  1338 | D:2      | Noticed Crazy Yiuf
  1347 | D:2      | Killed Crazy Yiuf
  1347 | D:2      | Reached XP level 6. HP: 27/32 MP: 5/7
  1402 | D:3      | Found a blossoming altar of Fedhas.
  1543 | D:3      | Reached skill level 1 in Dodging
  1977 | D:4      | Noticed a phantom
  2024 | D:4      | Killed a phantom
  2024 | D:4      | Reached skill level 4 in Axes
  2024 | D:4      | Reached XP level 7. HP: 34/37 MP: 6/8
  2134 | D:4      | Found a white marble altar of Elyvilon.
  2659 | D:5      | Entered Level 5 of the Dungeon
  2718 | D:5      | Reached skill level 5 in Axes
  2775 | D:5      | Gained mutation: You have razor-sharp teeth. [Vine Stalker
                  | growth]
  2775 | D:5      | Reached XP level 8. HP: 37/42 MP: 7/9
  2810 | D:5      | Found a bloodstained altar of Trog.
  3061 | D:5      | Found a staircase to the Ecumenical Temple.
  3079 | Temple   | Entered the Ecumenical Temple
  3100 | Temple   | Became a worshipper of Warmaster Okawaru
  3150 | D:5      | Found a sparkling altar of Nemelex Xobeh.
  3411 | D:6      | Noticed a manticore
  3422 | D:6      | Killed a manticore
  3422 | D:6      | Reached * piety under Okawaru
  3422 | D:6      | Reached skill level 6 in Axes
  3422 | D:6      | Reached skill level 5 in Shields
  3484 | D:6      | Noticed Grinder
  3488 | D:6      | Reached XP level 9. HP: 37/46 MP: 10/10
  3516 | D:6      | Killed Grinder
  3516 | D:6      | Reached skill level 7 in Axes
  3535 | D:6      | Got a pair of polished boots
  3541 | D:6      | Identified the +1 pair of boots "Lones" {rCorr Dex+3} (You
                  | found it on level 6 of the Dungeon)
  3648 | D:6      | Reached ** piety under Okawaru
  3800 | D:6      | Noticed a cyclops
  3814 | D:6      | Killed a cyclops
  3814 | D:6      | Reached skill level 5 in Fighting
  4282 | D:7      | Found Qozyhai's Jewellery Shoppe.
  4894 | D:8      | Reached *** piety under Okawaru
  4894 | D:8      | Reached skill level 8 in Axes
  4894 | D:8      | Reached skill level 1 in Stealth
  5072 | D:8      | Noticed a cyclops
  5080 | D:8      | Killed a cyclops
  5080 | D:8      | Reached XP level 10. HP: 44/51 MP: 11/11
  5171 | D:8      | Found a sacrificial altar of Ru.
  5181 | D:8      | Found a shadowy altar of Dithmenos.
  5532 | D:9      | Reached **** piety under Okawaru
  5600 | D:9      | Noticed a two-headed ogre
  5608 | D:9      | Killed a two-headed ogre
  5608 | D:9      | Reached skill level 9 in Axes
  5608 | D:9      | Reached skill level 5 in Armour
  5789 | D:9      | Paralysed by a chaos spawn for 3 turns
  5815 | D:9      | Found the +7 mace of Variability {chain chaos}
  5815 | D:9      | Found a shimmering altar of Xom.
  5852 | D:9      | Found an ornate altar of the Wu Jian Council.
  5858 | D:9      | Noticed a two-headed ogre
  5869 | D:9      | Killed a two-headed ogre
  5869 | D:9      | Reached ***** piety under Okawaru
  6355 | D:9      | Identified a scroll of acquirement
  6375 | D:10     | Entered Level 10 of the Dungeon
  6380 | D:10     | Reached XP level 11. HP: 47/56 MP: 12/12
  6404 | D:10     | Reached skill level 10 in Axes
  6441 | D:10     | Found a staircase to the Orcish Mines.
  6482 | D:10     | Received a gift from Okawaru
  6573 | D:10     | Reached skill level 1 in Invocations
  6813 | D:10     | Found a staircase to the Lair.
  6955 | D:10     | Received a gift from Okawaru
  7070 | D:10     | Found a portal to a secret trove of treasure.
  7200 | Lair:1   | Entered Level 1 of the Lair of Beasts
  7279 | Lair:1   | Noticed Urug
  7309 | Lair:1   | Killed Urug
  7309 | Lair:1   | Reached skill level 11 in Axes
  7886 | Lair:1   | Reached skill level 1 in Evocations
  7886 | Lair:1   | Gained mutation: You heal very quickly. [Vine Stalker
                  | growth]
  7886 | Lair:1   | Reached XP level 12. HP: 55/63 MP: 14/14
  8138 | Lair:2   | Noticed Gastronok
  8167 | Lair:2   | Killed Gastronok
  8167 | Lair:2   | Received a gift from Okawaru
  8339 | Lair:2   | Reached skill level 12 in Axes
  8463 | Lair:2   | Found the +8 whip "Snakebite" {curare, rPois}
  8637 | Lair:2   | Noticed a five-headed hydra
  8648 | Lair:2   | Killed a six-headed hydra
  8656 | Lair:2   | Noticed Sonja
  8658 | Lair:2   | Killed Sonja
  8982 | Lair:3   | Received a gift from Okawaru
  8985 | Lair:3   | Got a pair of warped gloves {god gift}
  8991 | Lair:3   | Identified the +0 pair of gloves of the Devil's Advocate
                  | {rPois rF- SInv} (Okawaru gifted it to you on level 3 of
                  | the Lair of Beasts)
  9361 | Lair:3   | Noticed Nergalle
  9373 | Lair:3   | Killed Nergalle
  9424 | Lair:3   | Reached skill level 5 in Dodging
 10024 | Lair:4   | Found a gate leading to a gauntlet.
 10036 | Gauntlet | Entered a Gauntlet
 10036 | Gauntlet | Found a transporter.
 10045 | Gauntlet | Noticed a death scarab
 10048 | Gauntlet | Found a transporter.
 10048 | Gauntlet | Found a transporter.
 10050 | Gauntlet | Found a transporter.
 10066 | Gauntlet | Found a transporter.
 10085 | Gauntlet | Found a transporter.
 10092 | Gauntlet | Found a transporter.
 10110 | Gauntlet | Found a transporter.
 10130 | Gauntlet | Found a transporter.
 10134 | Gauntlet | Noticed a two-headed ogre
 10134 | Gauntlet | a merfolk changed into a two-headed ogre
 10135 | Gauntlet | a two-headed ogre changed into a shining eye
 10142 | Gauntlet | Found a transporter.
 10142 | Gauntlet | Noticed a catoblepas
 10143 | Gauntlet | Noticed a two-headed ogre
 10143 | Gauntlet | a water nymph changed into a two-headed ogre
 10144 | Gauntlet | a two-headed ogre changed into a torpor snail
 10151 | Gauntlet | Found a transporter.
 10166 | Gauntlet | Found a transporter.
 10178 | Gauntlet | Found a transporter.
 10178 | Gauntlet | Noticed a catoblepas
 10197 | Gauntlet | Found a transporter.
 10218 | Gauntlet | Found a transporter.
 10220 | Gauntlet | Found a transporter.
 10254 | Gauntlet | Found a transporter.
 10256 | Gauntlet | Found a transporter.
 10322 | Gauntlet | Killed a death scarab
 10398 | Gauntlet | Reached XP level 13. HP: 68/68 MP: 15/15
 10542 | Gauntlet | HP: 1/68 [molten gargoyle/+0 flail (3)]
 10542 | Gauntlet | Slain by a molten gargoyle

Skill      XL: |  1  2  3  4  5  6  7  8  9 10 11 12 |
---------------+-------------------------------------+-----
Fighting       | 3 4 5 6 7 8 |  8.2
Axes           | 2 3 4 5 6 8 9 11 12 | 12.7
Shields        | 3 4 5 6 7 8 |  8.8
Armour         | 3 4 5 6 |  6.7
Dodging        | 1 2 3 4 5 |  5.2
Stealth        | 1 2 3 4 |  4.7
Invocations    | 1 2 |  2.0
Evocations     | 1 |  1.1
Maces & Flails | |  0.9

Action                   |  1- 3 |  4- 6 |  7- 9 | 10-12 | 13-15 || total
-------------------------+-------+-------+-------+-------+-------++-------
Melee: War axe           |   100 |   116 |   303 |   572 |    30 ||  1121
       Bite              |    26 |    34 |   100 |   267 |    17 ||   444
       Flail             |       |     4 |       |       |       ||     4
       Whip              |       |       |       |     5 |       ||     5
Invok: Heroism           |       |       |     1 |    14 |     1 ||    16
Evoke: Wand              |       |     2 |       |     9 |       ||    11
  Use: Scroll            |       |     7 |     8 |     4 |       ||    19
 Stab: Invisible         |       |     1 |       |       |       ||     1
       Sleeping          |       |       |       |     6 |       ||     6
       Distracted        |       |       |       |     2 |       ||     2
  Eat: Chunk             |       |     3 |     9 |     9 |       ||    21
       Ration            |       |       |     1 |     3 |       ||     4
Armor: Chain mail        |    75 |     6 |       |       |       ||    81
       Scale mail        |     4 |       |       |       |       ||     4
       Ring mail         |       |    40 |   120 |   187 |    10 ||   357
Dodge: Dodged            |    28 |    33 |   102 |   268 |    13 ||   444
Block: Shield            |    66 |    63 |   157 |   310 |    18 ||   614
